 Dungeon Crawl Stone Soup version 0.21.1-1-g345015fe64 (webtiles) character file.

58 KamiKatze the Conjurer (level 3, 0/16 HPs)
             Began as a Spriggan Conjurer on Feb 13, 2018.
             Slain by an orc
             ... wielding a +0 club
              (7 damage)
             ... on level 2 of the Dungeon.
             The game lasted 00:06:29 (1583 turns).

KamiKatze the Conjurer (Spriggan Conjurer)          Turns: 1583, Time: 00:06:30

Health: 0/16       AC:  4    Str:  4    XL:     3   Next: 75%
Magic:  4/9        EV: 18    Int: 17    God:
Gold:   84         SH:  0    Dex: 16    Spells: 3/9 levels left

rFire    . . .     SeeInvis +   a - +0 dagger
rCold    . . .     Gourm    .   (shield restricted)
rNeg     . . .     Faith    .   i - +0 robe
rPois    .         Spirit   .   o - +2 hat
rElec    .         Reflect  .   (no cloak)
rCorr    .         Harm     .   (gloves unavailable)
MR       .....                  (boots unavailable)
Stlth    ++........             (no amulet)
HPRegen  0.05/turn              (no ring)
MPRegen  0.11/turn              (no ring)

@: very quick
A: very small, unfitting armour, see invisible, herbivore, speed 3, slow
metabolism 2
a: no special abilities


You were on level 2 of the Dungeon.
You were not hungry.

You visited 1 branch of the dungeon, and saw 3 of its levels.

You collected 84 gold pieces.

Inventory:

Hand Weapons
 a - a +0 dagger (weapon)
Armour
 i - a +0 robe (worn)
 o - a +2 hat (worn)
Scrolls
 f - a scroll of teleportation {unknown}
 j - a scroll of noise {unknown}
 k - a scroll of remove curse
 q - a scroll of fear {unknown}
 r - a scroll of amnesia {unknown}
Potions
 d - 3 potions of curing
 l - 2 potions of heal wounds
 m - a potion of might
 n - a potion of agility {unknown}
 p - a potion of ambrosia {unknown}
Books
 b - a book of Conjurations

   Spells                             Type                      Level
   a - Magic Dart                     Conjuration                  1
   b - Searing Ray                    Conjuration                  2
   c - Dazzling Spray                 Conjuration/Hexes            3
   d - Fulminant Prism                Conjuration/Hexes            4
   e - Force Lance                    Conjuration/Translocation    4
   f - Iskenderun's Mystic Blast      Conjuration                  4
Comestibles
 c - 2 rations


   Skills:
 - Level 3.0 Dodging
 - Level 3.0 Stealth
 + Level 3.5 Spellcasting
 * Level 3.7 Conjurations
 + Level 1.0 Hexes


You had 3 spell levels left.
You knew the following spells:

 Your Spells              Type           Power        Failure   Level  Hunger
a - Magic Dart            Conj           ###.         3%          1    None
b - Searing Ray           Conj           ###...       5%          2    ##.....
c - Dazzling Spray        Conj/Hex       ##....       19%         3    ###....


Dungeon Overview and Level Annotations

Branches:
Dungeon (3/15)

Altars:
Gozag

Annotations:
D:2 exclusions: 2 orcs and orc wizard
D:3 Faustar's ghost, weakling FeTm


Innate Abilities, Weirdness & Mutations

You are very small and have problems with some larger weapons.
You are too small for most types of armour.
You have supernaturally acute eyesight. (SInv)
You are a herbivore.
You cover ground extremely quickly.
You need consume almost no food.


Message History

The adder hisses angrily.
You climb upwards.
Level annotation: exclusions: 2 orcs and orc wizard
There is a stone staircase leading down here.
There is a stone staircase leading down here.
You climb downwards. 4 orcs and a player ghost come into view.
The orc shouts! x4; You hear a bark!
The orc hits you with a flail. The orc closely misses you.
Found a scroll labeled WOEQOD XESUFIN.
Found an escape hatch in the floor.
A jackal comes into view.
There is a stone staircase leading up here.
The orc hits you with a flail!
Ouch! That really hurt!
You climb upwards.
Level annotation: exclusions: 2 orcs and orc wizard
There is a stone staircase leading down here.
The orc misses you. The orc closely misses you. The orc completely misses you.
The orc hits you with a club!
You die...

#..# #.##....#.###.#
#...... #..#
#.#####....##.###...###
#..#### #.#
#..#......###.#
###.....# #.#
##....##.#.###.###
..#.###.#
#.####....###.#........
#.#.# #.# #.........#
#.......### #.#.# #.#
######...## #######.# #
#.#.# #.# ##.## #.# #
#.#.# #.#
####@..####### #.###
#.#.# #.#
#..o.o.......# #....
#.#.###.#
#.##>o.#####.# #.###
......#.# #.###.## #.#
#.# #####.#.#####.###<#
#.# #.# #...........).#
###.####.##
#############.#
#....†....# #.#
#.....##..##
#############
##.####...........


You could see 3 orcs.

Vanquished Creatures
  A gnoll (D:1)
  An adder (D:3)
  A worm (D:2)
  A leopard gecko (D:1)
  An orc (D:2)
  4 bats
  A giant cockroach (D:1)
  7 goblins
  7 hobgoblins
  A ball python (D:2)
  A frilled lizard (D:2)
  2 kobolds
  4 rats
32 creatures vanquished.

Notes
Turn   | Place    | Note
-------+----------+-------------------------------------------
     0 | D:1      | KamiKatze the Spriggan Conjurer began the quest for the Orb.
     0 | D:1      | Reached XP level 1. HP: 9/9 MP: 5/5
   318 | D:1      | Reached XP level 2. HP: 13/13 MP: 2/7
   322 | D:1      | Learned a level 2 spell: Searing Ray
   678 | D:2      | Reached XP level 3. HP: 16/16 MP: 2/8
   683 | D:2      | Learned a level 3 spell: Dazzling Spray
  1379 | D:3      | Found an opulent altar of Gozag.
  1539 | D:3      | Reached skill level 1 in Hexes
  1579 | D:3      | Noticed Faustar's ghost (weakling FeTm)
  1583 | D:2      | Slain by an orc

Skill      XL: |  1  2  3 |
---------------+----------+-----
Conjurations   | 3 |  3.7
Spellcasting   | 3 |  3.5
Hexes          | 1 |  1.0
Dodging        | |  3.0
Stealth        | |  3.0

Action                   || total
-------------------------++-------
Melee: Dagger            ||    20
 Cast: Magic Dart        ||    58
       Searing Ray       ||     3
  Use: Scroll            ||     6
 Stab: Sleeping          ||     2
Armor: Robe              ||     1
Dodge: Dodged            ||    20
